 Dungeon Crawl Stone Soup version 0.31.0-9-g3a7656b989 (webtiles) character file.

Game seed: 9779239509693764771

791 Skeral the Firebug (level 7, -5/37 HPs)
             Began as a Gargoyle Fire Elementalist on Jan 24, 2024.
             Was an Initiate of Vehumet.
             Slain by Pikel
             ... wielding a +0 whip of flaming
              (7 damage)
             ... on level 4 of the Dungeon on Jan 25, 2024.
             The game lasted 00:11:59 (4549 turns).

Skeral the Firebug (Gargoyle Fire Elementalist)     Turns: 4549, Time: 00:12:00

Health: -5/37      AC:  6    Str: 11    XL:     7   Next: 88%
Magic:  1/11       EV: 26    Int: 18    God:    Vehumet [......]
Gold:   230        SH:  6    Dex: 12    Spells: 6/12 levels left

rFire   + . .        a - +2 dagger (vamp)
rCold   . . .        m - +2 buckler
rNeg    + . .        s - +0 robe "Quewihua" {Dex+2}
rPois   ∞            (no helmet)
rElec   +            (no cloak)
rCorr   .            (no gloves)
SInv    .            (no boots)
Will    .....        A - amulet of the acrobat
Stlth   ++           F - ring of protection from fire
HPRegen 0.26/turn    (no ring)
MPRegen 0.12/turn

%: acrobat
@: acrobatic, hasted, very quick
A: sickness immunity, AC +4, negative energy resistance 1, electricity
resistance, torment resistance 1, petrification resistance
a: Renounce Religion


You were on level 4 of the Dungeon.
You worshipped Vehumet.
Vehumet was noncommittal.
You visited 2 branches of the dungeon, and saw 6 of its levels.

You collected 230 gold pieces.


Innate Abilities, Weirdness & Mutations

You are immune to sickness and miasma.
Your stone body is resilient. (AC +4)
You are immune to poison.
You resist negative energy. (rN+)
You are resistant to electric shocks. (rElec)
You are resistant to unholy torment.
You are immune to petrification.


   Skills:
 + Level 0.9 Fighting
 - Level 1.5 Dodging
 - Level 2.1 Stealth
 - Level 3.0 Shields
 - Level 3.0 Spellcasting
 + Level 5.7 Conjurations
 + Level 5.9 Fire Magic
 + Level 1.0 Earth Magic


You had 6 spell levels left.
You knew the following spells:

 Your Spells              Type           Power      Damage    Failure   Level
f - Foxfire               Conj/Fire      92%        2x1d8     1%          1
p - Passwall              Erth           6%         N/A       41%         3
s - Scorch                Fire           48%        2d7       3%          2

Your spell library contained the following spells:

 Spells                   Type           Power      Damage    Failure   Level
 Sandblast                Erth           12%        2d6       16%         1
 Inner Flame              Hex/Fire       13%        N/A       21%         3
 Volatile Blastmotes      Fire/Tloc      26%        2d12      21%         3
 Flame Wave               Conj/Fire      23%        2d8       21%         4
 Dazzling Flash           Conj/Hex       26%        N/A       22%         3
 Fugue of the Fallen      Necr           2%         N/A       56%         3
 Ozocubu's Armour         Ice            2%         N/A       56%         3
 Cause Fear               Hex            1%         N/A       92%         4
 Manifold Assault         Tloc           2%         N/A       92%         4
 Lehudib's Crystal Spear  Conj/Erth      7%         10d3      100%        8

Inventory:

Hand Weapons
 a - a +2 vampiric dagger (weapon)
   (You took it off a goblin on level 1 of the Dungeon)
 q - the +6 short sword "Beastslayer" {holy, rElec Int-5 Dex+8 Stlth+}
   (You took it off a goblin on level 2 of the Dungeon)

   Int-5:     It affects your intelligence (-5).
   Dex+8:     It affects your dexterity (+8).
   rElec:     It insulates you from electricity.
   Stlth+:    It makes you more stealthy.
Missiles
 k - 7 poisoned darts
Armour
 j - a +0 pair of gloves
   (You found it on level 5 of the Dungeon)
 m - a +2 buckler (worn)
   (You found it on level 1 of the Dungeon)
 s - the +0 robe "Quewihua" (worn) {Dex+2}
   (You found it on level 3 of the Dungeon)

   Dex+2:     It affects your dexterity (+2).
Magical Staves
 b - a staff of fire {!a}
   (You found it on level 1 of the Dungeon)
Jewellery
 A - an amulet of the acrobat (around neck)
   (You found it on level 4 of the Dungeon)
 F - a ring of protection from fire (left hand)
   (You found it on level 4 of the Dungeon)
Scrolls
 c - a scroll of teleportation {unknown}
 e - a scroll of revelation {unknown}
 f - 2 scrolls of blinking {!r}
 g - 2 scrolls of poison {unknown}
 l - 3 scrolls of vulnerability {unknown}
 n - a scroll of fear {unknown}
 o - a scroll of acquirement {unknown}
Potions
 d - a potion of ambrosia {unknown}
 h - a potion of curing {unknown}
 i - a potion of enlightenment
 p - 3 potions of haste {@q3}
 r - a potion of might {unknown}

Dungeon Overview and Level Annotations

Branches:
Dungeon (5/15) Zot: 24544  Temple (1/1) D:5 Zot: 5966

Altars:
Cheibriados
Elyvilon
Gozag
Hepliaklqana
Kikubaaqudgha
Makhleb
Qazlal
Ru
Sif Muna
Trog
Vehumet
Wu Jian
Xom
Yredelemnul
Zin
The Shining One

Shops:
D:4 (

Annotations:
D:4 Pikel

#...#.#.# ############
#.#.#.#.# ........
#.#.#.#.# #######.
#.#.#)#.# #.
#.#.#.#.##### ##
############.#.#.......#
.............#.#.......#
####....5......#.......#
#.#########..@......#
#.# #.##K.....# #.#
#.#<......# #.#
#.#.#.############## #.#
#.#.........5....... #.#
.....#.#############.
#.#
##.#.#.#############.
#.#
...#.#...............
#5# ##.
#.###############.


You could see Pikel.


Message History

You regained 6 mp, and now have 10/11 mp.
You start resting. 😕 HP[+2]
You regained 2 hp, and now have 35/37 hp.
Things that are here:
a +0 club; a goblin corpse
There is a stone staircase leading down here. 😎 HP[+2] MP[+1]
Your hp is fully restored (37).
Your mp is fully restored (11).
You climb downwards.
Level annotation: Pikel
There is a stone staircase leading up here.
Casting: Scorch (safe; 3% risk of failure)
Confirm with . or Enter, or press ? or * to list all spells.
Flames lash the lemure.
The lemure's fire resistance burns away. 😎 MP[-2]
You lost 2 mp, and now have 9/11 mp.
Casting: Scorch (safe; 3% risk of failure)
Confirm with . or Enter, or press ? or * to list all spells.
Flames lash the lemure.
The lemure is burned terribly! 😎 MP[-2]
You lost 2 mp, and now have 7/11 mp.
Casting: Scorch (safe; 3% risk of failure)
Confirm with . or Enter, or press ? or * to list all spells.
Flames lash the lemure.
The lemure is burned terribly!
You hear a shout!
The lemure misses you. 😎 MP[-2]
You lost 2 mp, and now have 5/11 mp.
You hit the lemure. You block the lemure's attack.
You hit the lemure. The lemure hits you but does no damage.
You hit the lemure.
You kill the lemure!
That felt strangely unrewarding.
There is a stone staircase leading up here.
Casting: Scorch (safe; 3% risk of failure)
Confirm with . or Enter, or press ? or * to list all spells.
Flames lash Pikel.
Pikel's fire resistance burns away.
Pikel hits you but does no damage. 😎 MP[-1]
You lost 1 mp, and now have 4/11 mp.
Casting: Scorch (safe; 3% risk of failure)
Confirm with . or Enter, or press ? or * to list all spells.
You miscast Scorch.
You are very lightly contaminated with residual magic.
Nothing appears to happen.
You block Pikel's attack. 😎 MP[-2]
You lost 2 mp, and now have 2/11 mp.
Casting: Scorch (safe; 3% risk of failure)
Confirm with . or Enter, or press ? or * to list all spells.
Flames lash Pikel.
Pikel is burned terribly!
Pikel barely misses you. 😎 MP[-2]
You lost 2 mp, and now have 0/11 mp.
You hit Pikel but do no damage. Pikel misses you.
You hit Pikel.
Pikel hits you with a +0 whip of flaming.
Pikel burns you. 😕 HP[-7]
You take 7 damage, and now have 30/37 hp.
You hit Pikel but do no damage. Pikel hits you but does no damage.
You barely miss Pikel. You block Pikel's attack.
You hit Pikel but do no damage. Pikel barely misses you. 😕 HP[+1]
You hit Pikel. You block Pikel's attack.
Your magical contamination has completely faded away. 😕 MP[+1]
You closely miss Pikel.
Pikel says, "I'm sure they'll be treated well, anyway."
Pikel hits you with a +0 whip of flaming!
Pikel burns you. 😮 HP[-11]
You take 11 damage, and now have 20/37 hp.
MASSIVE DAMAGE!! (PAUSE)
You closely miss Pikel.
Pikel is no longer more vulnerable to fire.
You block Pikel's attack. 😮 HP[+1]
You hit Pikel.
You feel better.
Pikel hits you with a +0 whip of flaming. 😮 HP[-2]
You take 2 damage, and now have 19/37 hp.
You aren't carrying any items that you can evoke.
You feel yourself speed up.
Pikel hits you with a +0 whip of flaming!
* * * LOW HITPOINT WARNING * * *
😨 HP[-7]
You take 7 damage, and now have 12/37 hp.
Pikel attacks as he pursues you!
Pikel hits you with a +0 whip of flaming!
* * * LOW HITPOINT WARNING * * *
Pikel burns you.
* * * LOW HITPOINT WARNING * * *
😱 HP[-10]
You take 10 damage, and now have 2/37 hp.
MASSIVE DAMAGE!! (PAUSE) Pikel attacks as he pursues you!
Pikel hits you with a +0 whip of flaming!
You die...
Pikel says, "Another soul for the market."

Skill      XL: |  1  2  3  4  5  6  7 |
---------------+----------------------+-----
Conjurations   | 2 4 5 |  5.7
Shields        | 1 3 |  3.0
Spellcasting   | 3 |  3.0
Fire Magic     | 4 5 |  5.9
Earth Magic    | 1 |  1.0
Fighting       | |  0.9
Dodging        | |  1.5
Stealth        | |  2.1

Action                     |  1- 3 |  4- 6 |  7- 9 || total
---------------------------+-------+-------+-------++-------
  Melee: Unarmed           |     5 |       |       ||     5
         Whip              |     3 |       |       ||     3
         Staff             |     6 |    11 |     5 ||    22
         Short sword       |       |     5 |     4 ||     9
         Dagger            |       |       |    19 ||    19
   Cast: Foxfire           |    43 |     5 |    26 ||    74
         Scorch            |     8 |    43 |    31 ||    82
    Use: Potion            |     1 |     2 |     1 ||     4
         Scroll            |       |     1 |       ||     1
 Armour: Robe              |    20 |    18 |    44 ||    82
         Skin              |       |     1 |       ||     1
  Dodge: Dodged            |    25 |     9 |    22 ||    56
  Block: Buckler           |     2 |     6 |    13 ||    21

Levels and vault maps discovered:
D:1:      dpeg_arrival_ternary, layout_basic,
          hellmonk_ecumenical_altar_arch_garden
D:2:      layout_rooms
D:3:      layout_loops_ring, mainiacjoe_overflow_catwalk_spiral
D:4:      layout_basic, nicolae_overflow_hidden_temple, zin_angel, serial_shops,
          shop, uniq_pikel
D:5:      layout_cave_pools, temple_statues
Temple:   nicolae_temple_bog_church

Notes
Turn   | Place    | Note
-------+----------+-------------------------------------------
     0 | D:1      | Skeral the Gargoyle Fire Elementalist began the quest for
                  | the Orb.
     0 | D:1      | Reached XP level 1. HP: 10/10 MP: 3/3
     0 | D:1      | magus.rc [v1.10.3]
    63 | D:1      | HP: 2/10 [hobgoblin (3)]
   112 | D:1      | Reached XP level 2. HP: 15/15 MP: 1/5
   164 | D:1      | You pick up a book of Battle and begin reading...
   164 | D:1      | You add the spells Fugue of the Fallen, Ozocubu's Armour
                  | and Manifold Assault to your library.
   319 | D:1      | Found a faded altar of an unknown god.
   329 | D:1      | Learned a level 2 spell: Scorch
   851 | D:1      | Reached XP level 3. HP: 19/19 MP: 1/6
  1263 | D:2      | Reached skill level 2 in Conjurations
  1425 | D:2      | You add the spells Sandblast, Dazzling Flash, Passwall,
                  | Cause Fear and Lehudib's Crystal Spear to your library.
  1425 | D:2      | Got the Guide on Jinxing and the Mountains
  1479 | D:2      | Identified the +6 short sword "Beastslayer" {holy, rElec
                  | Int-5 Dex+8 Stlth+}
  1599 | D:2      | Reached XP level 4. HP: 24/24 MP: 4/8
  1742 | D:2      | Reached skill level 1 in Shields
  1880 | D:3      | Found a bloodstained altar of Trog.
  1884 | D:3      | Found an ornate altar of the Wu Jian Council.
  1959 | D:3      | Identified the +0 robe "Quewihua" {Dex+2}
  2032 | D:3      | You fall into a shaft and drop 2 floors!
  2032 | D:5      | Entered Level 5 of the Dungeon
  2044 | D:4      | Found a hazy altar of Hepliaklqana.
  2044 | D:4      | Found a basalt altar of Yredelemnul.
  2071 | D:5      | Noticed a scorpion
  2084 | D:5      | HP: 2/24 [scorpion (6)]
  2086 | D:5      | Killed a scorpion
  2087 | D:5      | Reached skill level 3 in Spellcasting
  2087 | D:5      | Reached XP level 5. HP: 3/28 MP: 1/9
  2226 | D:5      | Reached skill level 2 in Shields
  2226 | D:5      | Reached skill level 3 in Conjurations
  2226 | D:5      | Reached skill level 4 in Fire Magic
  2331 | D:5      | Noticed a water moccasin
  2341 | D:5      | Killed a water moccasin
  2342 | D:5      | Reached skill level 3 in Shields
  2342 | D:5      | Reached skill level 4 in Conjurations
  2342 | D:5      | Reached XP level 6. HP: 23/32 MP: 0/10
  2783 | D:4      | Found Kycsikh's Antique Weapon Emporium.
  2907 | D:4      | Reached skill level 5 in Fire Magic
  2907 | D:4      | Reached XP level 7. HP: 36/36 MP: 3/11
  2973 | D:4      | Noticed an angel
  2974 | D:4      | Found a glowing silver altar of Zin.
  3049 | D:5      | Found a staircase to the Ecumenical Temple.
  3056 | Temple   | Entered the Ecumenical Temple
  3072 | Temple   | Became a worshipper of Vehumet
  3223 | D:5      | Reached skill level 5 in Conjurations
  3982 | D:3      | Learned a level 3 spell: Passwall
  4024 | D:3      | Reached skill level 1 in Earth Magic
  4269 | D:4      | Noticed Pikel
  4548 | D:4      | HP: 4/37 [Pikel/+0 whip of flaming (8)]
  4549 | D:4      | Slain by Pikel

Vanquished Creatures
  A water moccasin (D:5)
  An ogre (D:4)
  A centaur (D:3)
  3 lemures
  A bullfrog (D:5)
  2 scorpions (D:5)
  A howler monkey (D:5)
  3 sleepcaps
  3 iguanas
  An orc wizard (D:5)
  4 adders
  A shadow imp (D:5)
  A dart slug (D:3)
  10 orcs
  4 ball pythons
  4 bats
  4 endoplasms
  4 giant cockroaches
  10 goblins
  7 hobgoblins
  4 jackals (D:4)
  5 kobolds
  3 quokkas (D:1)
  2 frilled lizards (D:1)
  7 rats
87 creatures vanquished.

Vanquished Creatures (others)
  129 foxfires
129 creatures vanquished.

Grand Total: 216 creatures vanquished

Table legend:
 A = Non-vault XP
 B = Vault XP
 C = Vault XP percentage of total XP
 D = Non-vault monster count
 E = Vault monster count
 F = Vault count percentage of total count
                 A         B        C        D         E       F
            +---------+---------+-------+---------+---------+-------
      Total |    1130 |       0 |   0.0 |      84 |       0 |   0.0
            +---------+---------+-------+---------+---------+-------
        D:1 |      34 |       0 |   0.0 |      21 |       0 |   0.0
        D:2 |      50 |       0 |   0.0 |      16 |       0 |   0.0
        D:3 |     184 |       0 |   0.0 |      14 |       0 |   0.0
        D:4 |     224 |       0 |   0.0 |      15 |       0 |   0.0
        D:5 |     638 |       0 |   0.0 |      18 |       0 |   0.0
            +---------+---------+-------+---------+---------+-------

Skill      XL: |  1  2  3  4  5  6  7 |
---------------+----------------------+-----
Conjurations   | 2 4 5 |  5.7
Shields        | 1 3 |  3.0
Spellcasting   | 3 |  3.0
Fire Magic     | 4 5 |  5.9
Earth Magic    | 1 |  1.0
Fighting       | |  0.9
Dodging        | |  1.5
Stealth        | |  2.1

Action                     |  1- 3 |  4- 6 |  7- 9 || total
---------------------------+-------+-------+-------++-------
  Melee: Unarmed           |     5 |       |       ||     5
         Whip              |     3 |       |       ||     3
         Staff             |     6 |    11 |     5 ||    22
         Short sword       |       |     5 |     4 ||     9
         Dagger            |       |       |    19 ||    19
   Cast: Foxfire           |    43 |     5 |    26 ||    74
         Scorch            |     8 |    43 |    31 ||    82
    Use: Potion            |     1 |     2 |     1 ||     4
         Scroll            |       |     1 |       ||     1
 Armour: Robe              |    20 |    18 |    44 ||    82
         Skin              |       |     1 |       ||     1
  Dodge: Dodged            |    25 |     9 |    22 ||    56
  Block: Buckler           |     2 |     6 |    13 ||    21

Illustrated notes

Table legend:
 A = Kills in this place as a percentage of kills in the entire game.
 B = Kills by you in this place as a percentage of kills by you in the entire game.
 C = Kills by friends in this place as a percentage of kills by friends in the entire game.
 D = Other kills in this place as a percentage of other kills in the entire game.
 E = Experience gained in this place as a percentage of experience gained in the entire game.
 F = Experience gained in this place divided by the number of levels of this place that you have seen.
                   A       B       C       D       E      F
               +-------+-------+-------+-------+-------+----------------------
         Total | 100.0 | 100.0 |   N/A |   N/A | 100.0 | 188.3
       Dungeon | 100.0 | 100.0 |   N/A |   N/A | 100.0 | 226.0
               +-------+-------+-------+-------+-------+----------------------

Table legend: (Time is in decaauts)
 A = Elapsed time spent in this place.
 B = Non-inter-level travel time spent in this place.
 C = Inter-level travel time spent in this place.
 D = Time resting spent in this place.
 E = Time spent auto-exploring this place.
 F = Levels seen in this place.
 G = Mean time per level.
                   A        B        C        D        E       F      G
               +--------+--------+--------+--------+--------+-----+--------+
         Total |   4534 |   4207 |    327 |   1087 |   1737 |   6 |  755.7 |
       Dungeon |   4500 |   4204 |    296 |   1087 |   1737 |   5 |  900.0 |
        Temple |     33 |      2 |     31 |      0 |      0 |   1 |   33.0 |
               +--------+--------+--------+--------+--------+-----+--------+

Top non-repeatable levels by time:
     D:1: 1243 daAuts
     D:4: 1046 daAuts
     D:3: 816 daAuts
     D:5: 816 daAuts
     D:2: 576 daAuts
  Temple: 33 daAuts
